Description

10 blink stalkers at ~4:00

Replay - Simulacrum LE (3)

Build Order

Get SALT Encoding   

  1  0:00  Probe (Chrono Boost)  
  13  0:19  Pylon  
  13  0:22  Probe (Chrono Boost)  
  14  0:39  Probe (Chrono Boost)  
  15  0:48  Gateway  
  15  0:56  Probe (Chrono Boost)  
  16  1:13  Probe (Chrono Boost)  
  16  1:14  Assimilator  
  17  1:26  Probe (Chrono Boost)  
  17  1:29  Assimilator  
  18  1:37  Probe (Chrono Boost)  
  19  1:50  Probe (Chrono Boost)  
  20  2:06  Cybernetics Core  
  20  2:07  Probe (Chrono Boost)  
  21  2:20  Gateway x2  
  21  2:24  Probe (Chrono Boost)  
  23  2:51  Pylon  
  23  2:57  Twilight Council  
  23  3:16  Stalker  
  25  3:27  Stalker  
  27  3:39  Stalker  
  29  3:59  Stalker  
  31  4:04  Pylon  
  28  4:30  Stalker x2  
Spawning Tool Build Advisor. Get it on Overwolf

Go to:

Details

  • Created by: DaveDu67
  • Published on: Apr 19, 2020
  • Modified on: Apr 19, 2020
  • Patch: 4.11.0
Show
View Real Time Build Order
Export as new Build Order

Comments (1)

On April 27, 2020, 12:56 p.m., Liondress  said:

I try to use it but the cronno bust times are bad

Create an account to comment!